 Dungeon Crawl Stone Soup version 0.29.0-4-gdea44cf6ec (webtiles) character file.

Game seed: 12374499841290727656

154 qw the Chopper (level 5, 0/30 HPs)
             Began as a Tengu Warper on Aug 28, 2022.
             Killed by divine providence
             ... invoked by an orc priest
              (7 damage)
             ... on level 4 of the Dungeon.
             The game lasted 00:00:19 (3073 turns).

qw the Chopper (Tengu Warper)                       Turns: 3073, Time: 00:00:19

Health: 0/30       AC: 15    Str: 14    XL:     5   Next: 36%
Magic:  0/9        EV:  7    Int: 13    God:
Gold:   135        SH:  5    Dex: 13    Spells: 8/8 levels left

rFire   . . .      SeeInvis +   Y - +1 hand axe
rCold   . . .      Faith    .   l - +1 buckler {AC+3}
rNeg    . . .      Spirit   +   f - +0 chain mail
rPois   .          Reflect  .   (helmet restricted)
rElec   .          Harm     .   (no cloak)
rCorr   .          Rampage  .   (no gloves)
Will    .....                   (boots unavailable)
Stlth   ..........              b - amulet of guardian spirit
HPRegen 0.10/turn               i - ring of see invisible
MPRegen 0.11/turn               m - +4 ring of protection

@: about to teleport, flying quickly and evasively, quick
A: beak, talons 3, nimble flight
a: no special abilities


You were on level 4 of the Dungeon.
You visited 1 branch of the dungeon, and saw 4 of its levels.

You collected 135 gold pieces.


Innate Abilities, Weirdness & Mutations

You have a beak for a mouth.
You have claws for feet.
Your magical nature lets you fly swiftly and evasively.


   Skills:
 - Level 2.0 Fighting
 + Level 5.7 Axes
 - Level 1.0 Throwing
 - Level 1.1 Armour
 - Level 2.1 Dodging
 - Level 1.0 Shields
 - Level 2.0 Spellcasting
 - Level 2.4 Translocations


You had 8 spell levels left.
You didn't know any spells.
Your spell library contained the following spells:

 Spells                   Type           Power      Damage    Failure   Level
 Blink                    Tloc           14%        N/A       99%         2
 Gell's Gravitas          Tloc           7%         N/A       100%        3
 Lesser Beckoning         Tloc           7%         N/A       100%        3
 Teleport Other           Tloc           7%         N/A       100%        3
 Manifold Assault         Tloc           7%         N/A       100%        5

Inventory:

Hand Weapons
 d - a +0 whip
 Y - a +1 hand axe (weapon)
Missiles
 o - a javelin (quivered)
Armour
 f - a +0 chain mail (worn)
 g - a +2 ring mail of fire resistance
 l - a +1 buckler of protection (worn)
Jewellery
 b - an amulet of guardian spirit (around neck)
 i - a ring of see invisible (left hand)
 m - a +4 ring of protection (right hand)
Scrolls
 j - a scroll of identify
Potions
 a - a potion of brilliance {unknown}
 c - a potion of haste {unknown}
 e - a potion of resistance
 n - a potion of curing

Dungeon Overview and Level Annotations

Branches:
Dungeon (4/15)
 Temple: D:4-7

Altars:

Annotations:
D:3 3 runed translucent doors, qw's ghost, amateur TeWr


Message History

You hit the orc wizard but do no damage.
The orc wizard is heavily wounded.
You hit the hobgoblin. You barely miss the orc priest. You barely miss the orc.
The orc wizard hits you but does no damage.
The orc hits you but does no damage. The hobgoblin closely misses you.
The orc priest mumbles some strange prayers to Beogh against you.
Pain shoots through your body!
You hit the hobgoblin.
You kill the hobgoblin!
You hit the orc priest but do no damage.
You closely miss the orc wizard. You hit the orc.
The orc priest calls upon Beogh to heal the orc.
The orc's wounds heal themselves!
The orc wizard closely misses you. The orc barely misses you.
You block the orc's attack. The orc priest barely misses you.
The orc wizard barely misses you.
You barely miss the orc wizard. You claw the orc wizard.
The orc wizard is severely wounded.
You closely miss the orc.
You hit the orc priest but do no damage.
The orc priest miscasts a cantrip.
The orc wizard hits you but does no damage.
The orc hits you but does no damage.
You barely miss the orc wizard.
The orc wizard is severely wounded.
You hit the orc but do no damage. You completely miss the orc priest.
The orc priest closely misses you. The orc wizard casts a spell at you.
The magic dart hits you but does no damage.
The orc closely misses you.
You miss the orc wizard. You claw the orc wizard.
The orc wizard is almost dead.
You barely miss the orc. You barely miss the orc priest.
The orc priest hits you with a +0 short sword.
The orc wizard barely misses you. You block the orc's attack.
3073 ||| READING scroll of teleportation.
As you read the scroll of teleportation, it crumbles to dust.
You feel strangely unstable.
The orc priest mumbles some strange prayers to Beogh against you.
Beogh smites you!
You die...

##.... .#.....
$.......########
...>..............#
...........#.......
...................
#.........$.o......
##.........@.......
#.......#)%oo......
#.......#..........
#.....$<..#........
#........###.......
#........# #.....#
####.##..# ######
#. #.## # ..#


You could see an orc priest, an orc wizard (invisible) and an orc.

Vanquished Creatures
  An orc wizard (D:3)
  4 adders
  3 worms (D:2)
  2 dart slugs
  3 orcs
  7 bats
  13 endoplasms
  2 giant cockroaches (D:1)
  5 goblins
  10 hobgoblins
  4 kobolds
  5 quokkas
  6 frilled lizards
  7 rats
72 creatures vanquished.

Vanquished Creatures (others)
  2 demonic plants (D:1)
2 creatures vanquished.

Grand Total: 74 creatures vanquished

Notes
Turn   | Place    | Note
-------+----------+-------------------------------------------
     0 | D:1      | qw the Tengu Warper began the quest for the Orb.
     0 | D:1      | Reached XP level 1. HP: 12/12 MP: 4/4
     0 | D:1      | 0 ||| qw: Version: 0.1-a-89-g26bdef1
     0 | D:1      | 0 ||| qw: Game counter: 1095
     0 | D:1      | 0 ||| qw: Always use a shield: true
     0 | D:1      | 0 ||| qw: God list: Okawaru
     0 | D:1      | 0 ||| qw: Allow faded altars: false
     0 | D:1      | 0 ||| qw: Do Orc after D:15 true
     0 | D:1      | 0 ||| qw: Do second Lair branch before Depths: true
     0 | D:1      | 0 ||| qw: Lair rune preference: random
     0 | D:1      | 0 ||| qw: Plans: Normal
     0 | D:1      | 0 ||| PLANNING D:1-11
    21 | D:1      | 21 ||| Stepping ~*~*~tactically~*~*~ (stealth).
    26 | D:1      | 26 ||| Stepping ~*~*~tactically~*~*~ (stealth).
    27 | D:1      | 27 ||| Stepping ~*~*~tactically~*~*~ (stealth).
    29 | D:1      | 29 ||| Stepping ~*~*~tactically~*~*~ (stealth).
    30 | D:1      | 30 ||| Stepping ~*~*~tactically~*~*~ (stealth).
    66 | D:1      | 66 ||| Stepping ~*~*~tactically~*~*~ (stealth).
    70 | D:1      | 70 ||| Stepping ~*~*~tactically~*~*~ (stealth).
   171 | D:1      | Reached XP level 2. HP: 14/17 MP: 6/6
   175 | D:1      | 175 ||| Stepping ~*~*~tactically~*~*~ (stealth).
   188 | D:1      | Reached skill level 3 in Axes
   417 | D:1      | 417 ||| Stepping ~*~*~tactically~*~*~ (stealth).
   514 | D:1      | 514 ||| Stepping ~*~*~tactically~*~*~ (stealth).
   516 | D:1      | 516 ||| Stepping ~*~*~tactically~*~*~ (stealth).
   603 | D:1      | 603 ||| Stepping ~*~*~tactically~*~*~ (stealth).
   604 | D:1      | 604 ||| Stepping ~*~*~tactically~*~*~ (stealth).
   609 | D:1      | 609 ||| Stepping ~*~*~tactically~*~*~ (stealth).
   612 | D:1      | 612 ||| Stepping ~*~*~tactically~*~*~ (stealth).
   636 | D:1      | Reached XP level 3. HP: 21/21 MP: 7/7
   779 | D:1      | Reached skill level 4 in Axes
   874 | D:1      | Found a faded altar of an unknown god.
   937 | D:1      | 937 ||| Stepping ~*~*~tactically~*~*~ (stealth).
  1084 | D:1      | 1084 ||| UPGRADING to +0 chain mail.
  1094 | D:1      | 1094 ||| DROPPING +0 leather armour.
  1095 | D:1      | 1095 ||| READING 2 scrolls labelled RARI IGEFOMP.
  1096 | D:1      | 1096 ||| READING scroll labelled VAWKEF MOLORR.
  1097 | D:1      | 1097 ||| READING scroll labelled CANIAGG ZICE.
  1101 | D:1      | 1101 ||| READING scroll labelled ZEH CUETHEE.
  1102 | D:1      | 1102 ||| DROPPING scroll of butterflies.
  1103 | D:1      | 1103 ||| DROPPING scroll of blinking.
  1153 | D:2      | 1153 ||| Stepping ~*~*~tactically~*~*~ (stealth).
  1154 | D:2      | 1154 ||| Stepping ~*~*~tactically~*~*~ (stealth).
  1376 | D:2      | 1376 ||| Stepping ~*~*~tactically~*~*~ (stealth).
  1477 | D:2      | 1477 ||| Stepping ~*~*~tactically~*~*~ (stealth).
  1482 | D:2      | 1482 ||| Stepping ~*~*~tactically~*~*~ (stealth).
  1490 | D:2      | Reached XP level 4. HP: 18/26 MP: 8/8
  1635 | D:2      | 1635 ||| Stepping ~*~*~tactically~*~*~ (stealth).
  1660 | D:2      | 1660 ||| FLEEEEING.
  1987 | D:2      | Reached skill level 5 in Axes
  2083 | D:2      | 2083 ||| Stepping ~*~*~tactically~*~*~ (stealth).
  2194 | D:2      | 2194 ||| UPGRADING to +0 buckler.
  2199 | D:2      | 2199 ||| UPGRADING to amulet of guardian spirit.
  2204 | D:2      | 2204 ||| UPGRADING to ring of see invisible.
  2205 | D:2      | 2205 ||| READING scroll labelled DICWUW URPHASHRE.
  2206 | D:2      | 2206 ||| DRINKING 2 fizzy ruby potions.
  2546 | D:3      | Found a runed translucent gate.
  2548 | D:3      | Found a runed translucent gate.
  2548 | D:3      | Found a runed translucent gate.
  2550 | D:3      | Noticed qw's ghost (amateur TeWr)
  2550 | D:3      | Noticed qw's ghost (amateur TeWr)
  2590 | D:3      | Reached skill level 1 in Shields
  2773 | D:3      | Gained mutation: Your magical nature lets you fly swiftly
                  | and evasively. [Tengu growth]
  2773 | D:3      | Reached XP level 5. HP: 26/30 MP: 6/9
  2894 | D:3      | 2894 ||| Stepping ~*~*~tactically~*~*~ (stealth).
  2896 | D:3      | 2896 ||| Stepping ~*~*~tactically~*~*~ (stealth).
  2970 | D:3      | 2970 ||| UPGRADING to +1 buckler of protection.
  2980 | D:3      | 2980 ||| DROPPING +0 buckler.
  2981 | D:3      | 2981 ||| UPGRADING to +4 ring of protection.
  2982 | D:3      | 2982 ||| READING 2 scrolls labelled HUOKKER VIUR.
  2983 | D:3      | 2983 ||| READING scroll labelled FILAEB YC XIGH.
  2984 | D:3      | 2984 ||| DRINKING 2 orange potions.
  3007 | D:3      | 3007 ||| DRINKING 2 lumpy amethyst potions.
  3008 | D:3      | 3008 ||| DROPPING potion of lignification.
  3009 | D:3      | 3009 ||| DROPPING potion of magic.
  3072 | D:4      | HP: 7/30 [orc priest/+0 short sword (1)]
  3073 | D:4      | 3073 ||| READING scroll of teleportation.
  3073 | D:4      | Killed from afar by an orc priest

Levels and vault maps discovered:
D:1:      erik_arrival_blinker_ship, layout_rooms,
          dreamdust_ecumenical_altar_sealed_demon, minmay_unequal
D:2:      layout_rooms
D:3:      minmay_bubble_buster, layout_loops_ring, gammafunk_ghost_cemetery
D:4:      layout_rooms, minmay_temple_entry_proselytizer

Skill      XL: |  1  2  3  4 |
---------------+-------------+-----
Axes           | 3 4 5 |  5.7
Shields        | 1 |  1.0
Fighting       | |  2.0
Throwing       | |  1.0
Armour         | |  1.1
Dodging        | |  2.1
Spellcasting   | |  2.0
Translocations | |  2.4

Action                   |  1- 3 |  4- 6 || total
-------------------------+-------+-------++-------
Melee: Hand axe          |    80 |    70 ||   150
       Kick              |    14 |    14 ||    28
       Peck              |     9 |     7 ||    16
       Punch             |     2 |     1 ||     3
Throw: Boomerang         |     7 |       ||     7
       Javelin           |    18 |    13 ||    31
  Use: Scroll            |     4 |     4 ||     8
       Potion            |       |     3 ||     3
Armor: Leather armour    |     8 |       ||     8
       Chain mail        |    12 |    44 ||    56
Dodge: Dodged            |    22 |    28 ||    50
Block: Buckler           |       |     8 ||     8

Table legend:
 A = Non-vault XP
 B = Vault XP
 C = Vault XP percentage of total XP
 D = Non-vault monster count
 E = Vault monster count
 F = Vault count percentage of total count
                 A         B        C        D         E       F
            +---------+---------+-------+---------+---------+-------
      Total |     151 |      70 |  31.7 |      60 |      12 |  16.7
            +---------+---------+-------+---------+---------+-------
        D:1 |      49 |       4 |   7.5 |      26 |       2 |   7.1
        D:2 |      70 |       0 |   0.0 |      24 |       0 |   0.0
        D:3 |      21 |      66 |  75.9 |       6 |      10 |  62.5
        D:4 |      11 |       0 |   0.0 |       4 |       0 |   0.0
            +---------+---------+-------+---------+---------+-------
